AoeStats
← The Potato King

Arabia

509513894Analyzed
2v2 RM · 7d ago on Sep 27, 2026· 40m 59s· 4 players
Game mode
Random Map
Map size
Medium (4 player)
Population
200
Speed
Normal
Resources
Standard
Victory
Conquest
Starting age
Dark Age
Ending age
Imperial Age
RankedLock teamsTeams togetherTeam positionsShared explorationLock speedFull tech treeHidden civsTurbo modeCheats
Victory
Defeat
🇲🇽 Magyars · Mexico
1290
+13
🇲🇽 Varangians · Mexico
1289
+13
🇬🇧 Franks · United Kingdom
1250
-13
🇨🇦 Wu · Canada
1215
-13
echebaum
7:38 Loom
10:12 Feudal Age
12:29 Wheelbarrow
11:35 Horse Collar
11:43 Double-Bit Axe
14:08 Scale Mail Armor
14:15 Scale Barding Armor
19:47 Gold Mining
24:06 Castle Age
23:15 Bloodlines
23:01 Fletching
23:08 Stone Mining
25:06 Chain Barding Armor
24:51 Husbandry
28:59 Town Watch
32:11 Hand Cart
33:25 Heavy Plow
33:37 Bow Saw
40:47 Imperial Age
juanpasp2001825
6:42 Loom
10:05 Feudal Age
10:44 Double-Bit Axe
10:41 Horse Collar
12:21 Bloodlines
16:03 Forging
16:16 Scale Barding Armor
20:22 Wheelbarrow
24:23 Castle Age
23:01 Gold Mining
25:19 Bow Saw
25:10 Heavy Plow
25:26 Hand Cart
25:58 Iron Casting
25:25 Husbandry
25:52 Light Cavalry
27:04 Town Watch
29:13 Chain Barding Armor
39:37 Imperial Age
37:36 Stone Mining
38:38 Town Patrol
39:09 Fervor
40:55 Plate Barding Armor
39:43 Cavalier
42:04 Blast Furnace
42:19 Two-Man Saw
Nhitty
The Potato King
2:37 Loom
11:03 Feudal Age
11:41 Double-Bit Axe
17:57 Castle Age
16:55 Fletching
19:35 Bodkin Arrow
23:36 Ordonnance Companies
25:20 Bow Saw
25:46 Padded Archer Armor
26:05 Bow Saw
26:31 Husbandry
28:27 Leather Archer Armor
29:16 Ballistics
31:41 Gold Mining
Connection lost

Rejoining the realm…

Still unreachable

The connection could not be restored.

Session expired

The server has moved on; the page needs a fresh start.